 Dungeon Crawl Stone Soup version 0.27-a0-67-g4bfc8a49e1 (webtiles) character file.

Game seed: 5230193664850983382

46 Borgoz the Ruffian (level 3, -1/30 HPs)
             Began as a Ghoul Gladiator on Jan 9, 2021.
             Slain by an orc wizard
             ... wielding a +0 dagger
              (4 damage)
             ... on level 2 of the Dungeon.
             The game lasted 00:03:24 (2085 turns).

Borgoz the Ruffian (Ghoul Gladiator)                Turns: 2085, Time: 00:03:25

Health: -1/30      AC:  5    Str: 17    XL:     3   Next: 68%
Magic:  2/2        EV: 12    Int:  3    God:
Gold:   126        SH:  3    Dex: 11    Spells: 2/2 levels left

rFire    . . .     SeeInvis .     - Unarmed
rCold    + . .     Faith    .   n - +0 buckler
rNeg     + + +     Spirit   .   a - +0 leather armour
rPois    ∞         Reflect  .   b - +0 helmet
rElec    .         Harm     .   (no cloak)
rCorr    .         Rampage  .   o - +0 pair of gloves
Will     .....                  (no boots)
Stlth    +.........             (no amulet)
HPRegen  0.00/turn              (no ring)
MPRegen  0.08/turn              (no ring)

@: no status effects
A: claws 1, cold resistance 1, negative energy resistance 3, inhibited
regeneration, torment resistance, unbreathing
a: no special abilities


You were on level 2 of the Dungeon.
You visited 1 branch of the dungeon, and saw 3 of its levels.

You collected 126 gold pieces.

Inventory:

Missiles
 c - 3 throwing nets (quivered)
Armour
 a - a +0 leather armour (worn)
 b - a +0 helmet (worn)
 n - a +0 buckler (worn)
 o - a +0 pair of gloves (worn)
Jewellery
 d - an uncursed ring of fire
Scrolls
 e - a scroll of teleportation
 f - a scroll of enchant armour {unknown}
 h - a scroll of fog {unknown}
 i - a scroll of magic mapping {unknown}
 p - a scroll of amnesia {unknown}
 r - a scroll of fear {unknown}
Potions
 m - a potion of brilliance


   Skills:
 + Level 2.7 Fighting
 - Level 1.7 Throwing
 * Level 3.2 Dodging
 + Level 0.0 Shields
 * Level 4.1 Unarmed Combat


You had 2 spell levels left.
You didn't know any spells.
Your spell library was empty.

Dungeon Overview and Level Annotations

Branches:
Dungeon (3/15)

Altars:
Gozag
Nemelex Xobeh


Innate Abilities, Weirdness & Mutations

You thrive by killing the living.
You are immune to poison.
You have sharp fingernails.
Your flesh is cold resistant. (rC+)
You are immune to negative energy. (rN+++)
You do not regenerate when monsters are visible.
You are immune to unholy pain and torment.
You can survive without breathing.


Message History

There is a stone staircase leading up here.
Your library has no spells.
Something hits you. The orc hits you with a +0 club.
* * * LOW HITPOINT WARNING * * *
You climb upwards.
Reactivating autopickup.
There is a stone staircase leading down here.
Deactivating autopickup; reactivate with Ctrl-A.
You closely miss something. Something hits you.
* * * LOW HITPOINT WARNING * * *
The orc hits you with a +0 club.
* * * LOW HITPOINT WARNING * * *
You hit something but do no damage. Something barely misses you.
The orc misses you. The orc barely misses you.
Okay, then.
You hit something but do no damage. Something hits you.
* * * LOW HITPOINT WARNING * * *
You barely miss something. Something hits you.
You die...

##.........................#..###
............(.............##..#
##.....#..................##..#
.#....(.###.#.....(.......#...# #
.#..............##.......)...####
.#...(...###......##.....#..##...
.#.#..#...##................#..##
.#.##.#......([..#.###.#......##
.###......#....#@#.# #.....^.##
.# #(###....####.#># ###.....##
P# #.###.##.## #o..# #......###
.# #.#...##..###...# ###.........
.###.#)#####...#...# #...#.#.###.
.#.#.#.# ###.....###...........
.#.....# ##<...............<#
.#.##.## ##.................
.#.##># #...)............#


You could see an orc.

Vanquished Creatures
  2 worms (D:2)
  A leopard gecko (D:2)
  4 giant cockroaches (D:2)
  5 goblins (D:2)
  5 hobgoblins (D:2)
  3 jackals (D:1)
  3 kobolds (D:2)
  6 bats
  5 frilled lizards
  4 rats
38 creatures vanquished.

Notes
Turn   | Place    | Note
-------+----------+-------------------------------------------
     0 | D:1      | Borgoz the Ghoul Gladiator began the quest for the Orb.
     0 | D:1      | Reached XP level 1. HP: 17/17 MP: 0/0
    51 | D:1      | You fall into a shaft and drop 1 floor!
   109 | D:2      | Reached XP level 2. HP: 25/25 MP: 1/1
  1106 | D:2      | Reached XP level 3. HP: 8/30 MP: 2/2
  1375 | D:2      | Found an opulent altar of Gozag.
  1425 | D:2      | Reached skill level 4 in Unarmed Combat
  1714 | D:2      | Found a sparkling altar of Nemelex Xobeh.
  2085 | D:2      | Slain by an orc wizard

Illustrated notes

Levels and vault maps discovered:
D:1:      matt_arrival_los_fun, layout_loops_ring
D:2:      layout_rooms, nemelex_altar_shiori, lemuel_crystal_altar,
          serial_aquarium, aquarium_bridge_long_separate
          [aquarium_subvault_window, aquarium_subvault_bridge,
          aquarium_subvault_window, aquarium_subvault_bridge,
          aquarium_subvault_wall, aquarium_subvault_window],
          aquarium_bridge_straight [aquarium_subvault_bridge,
          aquarium_subvault_balcony, aquarium_subvault_bridge,
          aquarium_subvault_wall], aquarium_window_2, aquarium_window_corner,
          aquarium_view_2f, aquarium_view_2f, aquarium_pool_side
D:3:      layout_loops_ring, serial_bayou_pond_d, uniq_robin, uniq_sigmund

Skill      XL: |  1  2  3 |
---------------+----------+-----
Dodging        | 3 |  3.2
Unarmed Combat | 4 |  4.1
Fighting       | |  2.7
Throwing       | |  1.7

Action                   || total
-------------------------++-------
Melee: Unarmed           ||   130
       Punch             ||     1
Throw: Throwing net      ||     1
  Use: Scroll            ||     6
Armor: Leather armour    ||    39
Dodge: Dodged            ||    85
Block: Buckler           ||     1

Table legend: (Time is in decaauts)
 A = Elapsed time spent in this place.
 B = Non-inter-level travel time spent in this place.
 C = Inter-level travel time spent in this place.
 D = Time resting spent in this place.
 E = Time spent auto-exploring this place.
 F = Levels seen in this place.
 G = Mean time per level.
                   A        B        C        D        E       F      G
               +--------+--------+--------+--------+--------+-----+--------+
         Total |   2077 |   2003 |     74 |    430 |   1250 |   3 |  692.3 |
       Dungeon |   2077 |   2003 |     74 |    430 |   1250 |   3 |  692.3 |
               +--------+--------+--------+--------+--------+-----+--------+

Top non-repeatable levels by time:
     D:2: 1273 daAuts
     D:1: 791 daAuts
     D:3: 12 daAuts
